 Dungeon Crawl Stone Soup version 0.26-a0-639-g72c4674329 (webtiles) character file.

Game seed: 1082526151717641376

10428 Lovchig the Cleaver (level 11, 0/99 HPs)
             Began as a Deep Dwarf Fighter on Sept 25, 2020.
             Was a High Priest of Makhleb.
             Killed from afar by a molten gargoyle (19 damage)
             ... with a bolt of magma
             ... on level 10 of the Dungeon.
             The game lasted 00:17:32 (6224 turns).

Lovchig the Cleaver (Deep Dwarf Fighter)            Turns: 6224, Time: 00:17:33

Health: 0/99       AC: 15    Str: 24    XL:     11   Next: 36%
Magic:  2/2        EV:  9    Int:  8    God:    Makhleb [*****.]
Gold:   692        SH: 13    Dex: 12    Spells: 10/10 levels left

rFire    + . .     SeeInvis .   a - +1 war axe (flame)
rCold    . . .     Faith    .   c - +1 kite shield
rNeg     . . .     Spirit   .   n - +0 plate armour
rPois    .         Reflect  .   l - +0 helmet
rElec    .         Harm     .   (no cloak)
rCorr    .         Rampage  .   (no gloves)
MR       +....                  (no boots)
Stlth    ..........             (no amulet)
HPRegen  0.00/turn              h - ring of protection from cold
MPRegen  0.08/turn              D - ring of fire

@: non-regenerating
A: damage resistance, heal wounds, sense surroundings 2, no regeneration
a: Heal Wounds, Minor Destruction, Lesser Servant of Makhleb, Major Destruction,
Greater Servant of Makhleb, Renounce Religion


You were on level 10 of the Dungeon.
You worshipped Makhleb.
Makhleb was extremely pleased with you.
You visited 1 branch of the dungeon, and saw 10 of its levels.

You collected 692 gold pieces.

Inventory:

Hand Weapons
 a - a +1 war axe of flaming (weapon)
 z - a +0 broad axe
Armour
 c - a +1 kite shield (worn)
 l - a +0 helmet (worn)
 n - a +0 plate armour (worn)
Jewellery
 h - a ring of protection from cold (left hand)
 D - a ring of fire (right hand)
Wands
 t - a wand of acid (20)
 u - a wand of disintegration (5)
 x - a wand of digging (5)
 B - a wand of polymorph (3)
Scrolls
 e - 3 scrolls of enchant armour
 f - a scroll of fog
 k - a scroll of enchant weapon
 q - 6 scrolls of teleportation
 y - 2 scrolls of magic mapping
 A - a scroll of acquirement {unknown}
 C - a scroll of blinking
 G - a scroll of remove curse
 I - a scroll of identify
Potions
 b - 7 potions of curing
 d - a potion of might
 g - a potion of magic
 i - a potion of berserk rage
 j - 5 potions of lignification
 m - a potion of stabbing
 o - a potion of brilliance
 p - 2 potions of heal wounds {unknown}
 r - a potion of mutation {unknown}
 s - a potion of ambrosia {unknown}
 v - 2 potions of flight {unknown}
 w - 2 potions of degeneration {unknown}
 E - a potion of haste {unknown}
 H - a potion of cancellation {unknown}
Miscellaneous
 F - a condenser vane (2/2)


   Skills:
 * Level 6.8 Fighting
 * Level 12.6 Axes
 * Level 8.3 Armour
 * Level 6.4 Dodging
 * Level 9.1 Shields


You had 10 spell levels left.
You didn't know any spells.
Your spell library contained the following spells:

 Spells                   Type           Power        Failure   Level
 Animate Skeleton         Necr           #.....       100%        1
 Apportation              Tloc           #.....       100%        1
 Corona                   Hex            #......      100%        1
 Summon Small Mammal      Summ           #...         100%        1


Dungeon Overview and Level Annotations

Branches:
Dungeon (10/15)            Temple (0/1) D:5            Lair (0/6) D:10
    Orc (0/2) D:10

Altars:
Fedhas
Gozag
Hepliaklqana
Kikubaaqudgha
Makhleb
Nemelex Xobeh
Qazlal
Ru
Sif Muna
Trog
Uskayaw
Vehumet
Xom
The Shining One
Beogh


Innate Abilities, Weirdness & Mutations

You are resistant to damage.
You can heal yourself by infusing magical energy.
You passively map the area around you.
You do not regenerate.


Message History

You hit the molten gargoyle but do no damage.
The molten gargoyle is severely damaged.
You hit the molten gargoyle but do no damage.
You block the molten gargoyle's attack.
You completely miss the molten gargoyle.
The molten gargoyle is severely damaged.
You hit the molten gargoyle but do no damage.
The molten gargoyle blasts magma at you!
The bolt of magma hits you! You partially resist.
The molten gargoyle blasts magma at you!
The bolt of magma misses you.
You hit the molten gargoyle.
The molten gargoyle is almost destroyed.
You barely miss the molten gargoyle.
The molten gargoyle blasts magma at you!
The bolt of magma hits you! You partially resist.
* * * LOW HITPOINT WARNING * * *
The molten gargoyle blasts magma at you!
The bolt of magma hits you!! You partially resist.
You die...

.....# #.......#
.....### #.......#
.....'.#####.>.....#
.....#.....'.......#
.....#######.......#
.....# #.......####
###)## #..........# #.#
######'###.#* #.#
####@.# , #.# #..99##*
#.# * #.#)#S#, , ###.#
#.#.#.* #...# #§§..,≈.,
* #.### #..§§§ ≈§§*
#.########.#§§§≈≈≈≈§.**
..........#.≈§§8 ≈≈.#.
.######## .#.≈§8 ≈≈≈.##


You could see 2 molten gargoyles and a water moccasin.

Vanquished Creatures
  2 two-headed ogres
  The ghost of Borgoz the Skirmisher, a novice GrBe of Trog (D:7)
  A molten gargoyle (D:10)
  Joseph (D:7)
  A komodo dragon (D:10)
  A troll (D:8)
  Grinder (D:6)
  Prince Ribbit (D:7)
  A hippogriff (D:9)
  6 yaks (D:10)
  A wyvern (D:9)
  Menkaure (D:4)
  2 sky beasts
  An ice beast (D:7)
  11 orc warriors
  3 black bears
  3 necrophages
  2 ogres
  2 phantoms
  6 centaurs
  Blork the orc (D:4)
  A big kobold (D:9)
  8 bullfrogs
  4 scorpions
  2 water moccasin skeletons
  A wyvern skeleton (D:6)
  4 killer bees (D:9)
  6 wights
  A howler monkey (D:8)
  5 bullfrog zombies
  A centaur zombie (D:5)
  5 hounds
  3 jellies
  7 orc priests
  A gnoll shaman (D:4)
  A bullfrog skeleton (D:10)
  3 iguanas
  12 orc wizards
  Ijyb (D:4)
  8 worker ants
  3 hound zombies
  2 hound skeletons
  11 gnolls
  9 adders
  A shadow imp (D:6)
  2 white imps (D:5)
  4 ufetubi
  An adder zombie (D:8)
  9 worms
  4 dart slugs
  9 leopard geckos
  63 orcs
  3 ball pythons
  6 giant cockroaches
  5 goblins
  12 hobgoblins
  9 jackals (D:7)
  12 kobolds
  4 quokkas
  8 bats
  7 frilled lizards
  A jackal zombie (D:7)
  A leopard gecko zombie (D:5)
  A quokka zombie (D:8)
  8 rats
  A bush (D:9)
319 creatures vanquished.

Vanquished Creatures (others)
  A shadow imp (D:7)
  A kobold (D:2)
  A rat (D:2)
  A bush (D:9)
  24 plants (D:10)
28 creatures vanquished.

Grand Total: 347 creatures vanquished

Notes
Turn   | Place    | Note
-------+----------+-------------------------------------------
     0 | D:1      | Lovchig the Deep Dwarf Fighter began the quest for the Orb.
     0 | D:1      | Reached XP level 1. HP: 20/20 MP: 1/1
    92 | D:1      | Reached XP level 2. HP: 22/27 MP: 2/2
   275 | D:1      | Reached XP level 3. HP: 22/34 MP: 3/3
   476 | D:2      | Found a hide-covered altar of Uskayaw.
   497 | D:2      | Reached skill level 3 in Axes
   810 | D:2      | Reached XP level 4. HP: 12/42 MP: 4/4
  1041 | D:2      | Found a glowing golden altar of the Shining One.
  1743 | D:3      | Reached skill level 1 in Dodging
  2031 | D:4      | Found a stormy altar of Qazlal.
  2038 | D:4      | Noticed Blork the orc
  2038 | D:4      | Noticed Menkaure
  2047 | D:4      | Killed Blork the orc
  2047 | D:4      | Reached skill level 4 in Axes
  2047 | D:4      | Reached XP level 5. HP: 28/49 MP: 4/4
  2050 | D:4      | Noticed an ogre
  2052 | D:4      | Killed Menkaure
  2052 | D:4      | Reached XP level 6. HP: 32/56 MP: 4/4
  2061 | D:4      | Reached skill level 5 in Axes
  2112 | D:4      | Noticed a sky beast
  2127 | D:4      | Reached skill level 5 in Shields
  2127 | D:4      | Reached XP level 7. HP: 44/63 MP: 2/2
  2140 | D:4      | Reached skill level 5 in Armour
  2184 | D:4      | Found a sacrificial altar of Ru.
  2197 | D:4      | Reached skill level 6 in Axes
  2213 | D:4      | Found a burning altar of Makhleb.
  2217 | D:4      | Became a worshipper of Makhleb the Destroyer
  2225 | D:4      | Noticed Ijyb
  2232 | D:4      | Paralysed by Ijyb for 2 turns
  2246 | D:4      | Killed Ijyb
  2578 | D:5      | Entered Level 5 of the Dungeon
  2679 | D:5      | Found a staircase to the Ecumenical Temple.
  2701 | D:5      | Reached XP level 8. HP: 35/72 MP: 2/2
  2753 | D:5      | Reached skill level 7 in Axes
  2753 | D:5      | Reached * piety under Makhleb
  2944 | D:5      | Found a shimmering altar of Xom.
  3331 | D:6      | Noticed Grinder
  3363 | D:6      | Killed Grinder
  3363 | D:6      | Reached skill level 8 in Axes
  3429 | D:6      | Gained mutation: You passively map the area around you.
                  | [Deep Dwarf growth]
  3429 | D:6      | Reached XP level 9. HP: 77/79 MP: 1/1
  3517 | D:6      | Reached ** piety under Makhleb
  3626 | D:7      | Noticed Prince Ribbit
  3641 | D:7      | Killed Prince Ribbit
  3641 | D:7      | Reached skill level 5 in Fighting
  3641 | D:7      | Reached skill level 9 in Axes
  3777 | D:7      | Noticed Joseph
  3783 | D:7      | Killed Joseph
  3844 | D:7      | Found a runed translucent door.
  3844 | D:7      | Noticed Borgoz's ghost (novice GrBe)
  3859 | D:7      | Killed Borgoz's ghost
  3859 | D:7      | Reached skill level 10 in Axes
  3945 | D:7      | Found a shimmering blue altar of Sif Muna.
  4036 | D:7      | Noticed a moth of wrath
  4039 | D:7      | Found a bloodstained altar of Trog.
  4259 | D:8      | Reached *** piety under Makhleb
  4354 | D:8      | Reached XP level 10. HP: 67/90 MP: 2/2
  4437 | D:8      | Reached skill level 5 in Dodging
  4480 | D:8      | Found a sparkling altar of Nemelex Xobeh.
  4643 | D:8      | Noticed a two-headed ogre
  4654 | D:8      | Killed a two-headed ogre
  4654 | D:8      | Reached skill level 11 in Axes
  4981 | D:8      | Found an opulent altar of Gozag.
  5359 | D:9      | Reached **** piety under Makhleb
  5390 | D:9      | Found an ancient bone altar of Kikubaaqudgha.
  5464 | D:9      | Found a blossoming altar of Fedhas.
  5464 | D:9      | Noticed a two-headed ogre
  5488 | D:9      | Killed a two-headed ogre
  5488 | D:9      | Reached XP level 11. HP: 88/99 MP: 2/2
  5546 | D:9      | Reached skill level 12 in Axes
  5603 | D:9      | Found a radiant altar of Vehumet.
  5603 | D:9      | Found a hazy altar of Hepliaklqana.
  5939 | D:10     | Entered Level 10 of the Dungeon
  5952 | D:10     | Found a roughly hewn altar of Beogh.
  5952 | D:10     | Found a staircase to the Orcish Mines.
  5998 | D:10     | Reached ***** piety under Makhleb
  6093 | D:10     | Found a staircase to the Lair.
  6224 | D:10     | Killed from afar by a molten gargoyle

Illustrated notes

Levels and vault maps discovered:
D:1:      dpeg_arrival_more_subterranean_lakeside_camping, layout_rooms,
          serial_park_tiny_1, minmay_misc_feat_diagonals
D:2:      layout_basic, eat_drink_and_be_merry_uskayaw, tso_altar,
          lemuel_flame_loot_1
D:3:      layout_basic, chequers_serial_rivers_marsh
D:4:      layout_cave_pools, old_standard_altar, bloody_makhleb,
          nicolae_ru_sacrificial_ziggurat, uniq_blork_the_orc, uniq_menkaure,
          uniq_ijyb
D:5:      layout_basic, kennysheep_mini_moat, minmay_temple_entry_arrows,
          moated_statue, minmay_diced_spiral
D:6:      layout_rooms, uniq_grinder
D:7:      layout_loops_ring, kennysheep_mini, tgw_trog, gammafunk_ghost_grave,
          hex_large, uniq_prince_ribbit1, uniq_joseph
D:8:      cheibrodos_ideogram_h, layout_basic, old_standard_altar,
          nicolae_gozag_cash_rules_everything_around_me
D:9:      layout_basic, fedhas_bush_and_centaur_altar, old_standard_altar,
          gammafunk_temple_overflow_elements
D:10:     layout_roguey, david_lair_shrubbed, david_orc_5, minivault_8

Skill      XL: |  1  2  3  4  5  6  7  8  9 10 11 |
---------------+----------------------------------+-----
Fighting       | 3 4 5 6 |  6.8
Axes           | 3 4 5 6 8 10 11 12 | 12.6
Dodging        | 1 2 3 4 6 |  6.4
Shields        | 4 5 6 7 8 9 |  9.1
Armour         | 4 5 6 7 8 |  8.3

Action                   |  1- 3 |  4- 6 |  7- 9 | 10-12 || total
-------------------------+-------+-------+-------+-------++-------
Melee: War axe           |   152 |   107 |   345 |   452 ||  1056
 Abil: Heal Wounds       |       |     8 |     8 |     9 ||    25
  Use: Scroll            |     4 |     4 |     7 |     5 ||    20
       Potion            |       |     1 |       |       ||     1
Armor: Scale mail        |    64 |    12 |       |       ||    76
       Chain mail        |       |    50 |    85 |       ||   135
       Plate armour      |       |       |    87 |   156 ||   243
Dodge: Dodged            |    56 |    41 |    93 |    96 ||   286
Block: Kite shield       |    91 |    94 |   263 |   264 ||   712

Table legend: (Time is in decaauts)
 A = Elapsed time spent in this place.
 B = Non-inter-level travel time spent in this place.
 C = Inter-level travel time spent in this place.
 D = Time resting spent in this place.
 E = Time spent auto-exploring this place.
 F = Levels seen in this place.
 G = Mean time per level.
                   A        B        C        D        E       F      G
               +--------+--------+--------+--------+--------+-----+--------+
         Total |   6382 |   6179 |    203 |      0 |   3954 |  10 |  638.2 |
       Dungeon |   6382 |   6179 |    203 |      0 |   3954 |  10 |  638.2 |
               +--------+--------+--------+--------+--------+-----+--------+

Top non-repeatable levels by time:
     D:8: 1132 daAuts
     D:2: 858 daAuts
     D:3: 768 daAuts
     D:7: 661 daAuts
     D:5: 615 daAuts
     D:9: 593 daAuts
     D:4: 571 daAuts
     D:1: 502 daAuts
     D:6: 400 daAuts
    D:10: 277 daAuts
